 Dungeon Crawl Stone Soup version 0.31.0-11-ge490571c62 (webtiles) character file.

Game seed: 431338178962516888

33 qw the Shooter (level 3, -3/18 HPs)
             Began as a Spriggan Hunter on Feb 4, 2024.
             Slain by Robin
             ... wielding a +0 mace
              (7 damage)
             ... on level 2 of the Dungeon.
             The game lasted 00:00:02 (856 turns).

qw the Shooter (Spriggan Hunter)                     Turns: 856, Time: 00:00:03

Health: -3/18      AC:  0    Str:  7    XL:     3   Next: 12%
Magic:  4/4        EV: 16    Int: 10    God:
Gold:   62         SH:  0    Dex: 20    Spells: 2/2 levels left

rFire   . . .        a - melded +1 shortbow
rCold   . . .        (shield currently unavailable)
rNeg    . . .        c - melded +0 robe
rPois   .            (helmet currently unavailable)
rElec   .            (cloak currently unavailable)
rCorr   .            (gloves unavailable)
SInv    +            (boots unavailable)
Will    .....        (no amulet)
Stlth   ++           (ring currently unavailable)
HPRegen 0.23/turn    (ring currently unavailable)
MPRegen 0.09/turn

%: no passive effects
@: pig-form, very quick
A: fast, no casting, small, no large weapons, unfitting armour, see invisible,
(speed 3)
a: no special abilities


You were on level 2 of the Dungeon.
You were a filthy swine.
You visited 1 branch of the dungeon, and saw 2 of its levels.

You collected 62 gold pieces.


Innate Abilities, Weirdness & Mutations

You are a filthy swine.
You move quickly.
Your equipment is almost entirely melded.
You are incapable of wielding weapons or throwing items.
You cannot cast spells.
You are very small and have problems with some larger weapons.
You are too small for most types of armour.
You have supernaturally acute eyesight. (SInv)
((You cover ground extremely quickly. (Speed+++)))


   Skills:
 - Level 1.5 Fighting
 + Level 4.5 Ranged Weapons
 - Level 4.0 Dodging
 - Level 1.5 Stealth


You had 2 spell levels left.
You didn't know any spells.
Your spell library was empty.

Inventory:

Hand Weapons
 a - a +1 shortbow (melded)
Armour
 c - a +0 robe (melded)
Scrolls
 b - a scroll of fear {unknown}

Dungeon Overview and Level Annotations

Branches:
Dungeon (2/15)

Altars:

Annotations:
D:2 Robin


Message History

A goblin comes into view. It is wielding a +0 club.
The goblin hits you with a +0 club.
A hobgoblin comes into view.
The goblin moves out of view.
You shoot an arrow. The arrow hits the goblin.
The goblin is moderately wounded.
The goblin completely misses you.
You shoot an arrow. The arrow hits the goblin.
You kill the goblin!
Robin throws the goblin at you! The goblin completely misses you.
A goblin comes into view. It is wielding a +0 dagger.
You shoot an arrow. The arrow barely misses the goblin.
The goblin hits you with a +0 dagger.
You shoot an arrow. The arrow closely misses the goblin.
The goblin shouts!
Robin throws the goblin at you! The goblin closely misses you.
You shoot an arrow. The arrow closely misses the goblin.
The goblin no longer looks unusually strong.
Robin roars a battlecry!
The goblin goes into a battle-frenzy!
The goblin closely misses you.
A goblin comes into view. It is wielding a +0 club.
You shoot an arrow. The arrow closely misses the goblin.
Robin zaps a wand.
You turn into a filthy swine.
Your +1 shortbow melds into your body.
Your +0 robe melds into your body.
The goblin closely misses you.
Robin says, "My goblins will feast on your bones."
The goblin hits you with a +0 dagger.
854 ||| FLEEEEING.
You hit Robin.
Robin is lightly wounded.
855 ||| FLEEEEING.
You hit Robin but do no damage.
Robin is lightly wounded.
Robin hits you with a +0 mace!
Ouch! That really hurt!
The goblin closely misses you.
856 ||| FLEEEEING.
You hit Robin.
Robin is moderately wounded.
Robin hits you with a +0 mace!
You die...
Robin lets out a smug laugh.

.........#.##..#)#
.........#.##..#.#
.........#.......#
........##.......#
.#.###
#.......########
.#
#...............
##.####
#.##..#.........
.......
...##..#g########
...###.........#h#
#### #######.#g#
......)........
#####g.........
..).........
.)...........
...##.#.#######
... #.#.# .. #.#.#


You could see Robin and 2 goblins.

Vanquished Creatures
  An adder (D:2)
  3 bats
  An endoplasm (D:1)
  11 goblins
  3 frilled lizards (D:1)
  A kobold (D:1)
  2 rats
22 creatures vanquished.

Notes
Turn   | Place    | Note
-------+----------+-------------------------------------------
     0 | D:1      | qw the Spriggan Hunter began the quest for the Orb.
     0 | D:1      | Reached XP level 1. HP: 10/10 MP: 2/2
     0 | D:1      | 0 ||| qw: Version: 0.3-a-160-g6735b56
     0 | D:1      | 0 ||| qw: Game counter: 5206
     0 | D:1      | 0 ||| qw: Melee chars always use a shield: true
     0 | D:1      | 0 ||| qw: God list: Okawaru
     0 | D:1      | 0 ||| qw: Allow faded altars: false
     0 | D:1      | 0 ||| qw: Do Orc after clearing Dungeon:15 true
     0 | D:1      | 0 ||| qw: Do second Lair branch before Depths: true
     0 | D:1      | 0 ||| qw: Lair rune preference: random
     0 | D:1      | 0 ||| qw: Goals: Normal
     0 | D:1      | 0 ||| PLANNING D:1-11
    38 | D:1      | Reached skill level 3 in Dodging
   178 | D:1      | Reached XP level 2. HP: 14/14 MP: 3/3
   680 | D:1      | 680 ||| READING scroll labelled YSTOEB YLARRI.
   680 | D:1      | 680 ||| ENCHANTING +0 shortbow.
   681 | D:1      | 681 ||| READING scroll labelled FEMMEATIGO.
   682 | D:1      | 682 ||| DROPPING scroll of butterflies.
   838 | D:2      | Noticed Robin
   840 | D:2      | 840 ||| RETREEEEATING.
   846 | D:2      | Reached XP level 3. HP: 18/18 MP: 4/4
   854 | D:2      | 854 ||| FLEEEEING.
   855 | D:2      | 855 ||| FLEEEEING.
   855 | D:2      | HP: 4/18 [Robin/+0 mace (9)]
   856 | D:2      | 856 ||| FLEEEEING.
   856 | D:2      | Slain by Robin

Levels and vault maps discovered:
D:1:      zelgadis_glass_arrival_small, layout_basic, serial_forest,
          infiniplex_forest_lined_room_2, infiniplex_forest_corner_1,
          infiniplex_forest_straight_2, infiniplex_forest_clump_small,
          infiniplex_forest_lined_3, infiniplex_forest_straight_4,
          infiniplex_forest_lined_3
D:2:      cheibrodos_helix_gallery, layout_basic, uniq_robin

Skill      XL: |  1  2 |
---------------+-------+-----
Dodging        | 3 4 |  4.0
Fighting       | |  1.5
Ranged Weapons | |  4.5
Stealth        | |  1.5

Action                     || total
---------------------------++-------
  Melee: Unarmed           ||     3
   Fire: Shortbow          ||    56
    Use: Scroll            ||     2
 Armour: Robe              ||     6
         Skin              ||     3
  Dodge: Dodged            ||    17

Table legend:
 A = Non-vault XP
 B = Vault XP
 C = Vault XP percentage of total XP
 D = Non-vault monster count
 E = Vault monster count
 F = Vault count percentage of total count
                 A         B        C        D         E       F
            +---------+---------+-------+---------+---------+-------
      Total |      34 |      14 |  29.2 |      14 |       8 |  36.4
            +---------+---------+-------+---------+---------+-------
        D:1 |      17 |       0 |   0.0 |      11 |       0 |   0.0
        D:2 |      17 |      14 |  45.2 |       3 |       8 |  72.7
            +---------+---------+-------+---------+---------+-------
